Unix NetHack Version 5.0.0-0 post-release - last build May 17 2026 04:57:42 (dc50c8380fa5e20985bfe3072449f57b8d9895ef,branch:main).

Game began 2026-05-17 16:04:03, ended 2026-05-18 12:56:16.

GdeVolpiano, lawful female human Archeologist

                              --
                             --. ---          ----
                             |....|.-----------..--
                               .......|-.--...<...---            -----
                                -...#.|.............|           --...|
                                 -###...........---.-----      --....|
                                    #...).).....| |.....|      |[.----
                                    ###-......--- -----.-----  |.--
                                       #-i.|..|       |...|.---|.|
                                        --#@d.|       ---.....--.|
                                           G---         |........|
                                                        |.---..---
                                           #G           |....*..--
                                          |.G#          ---......|
                                           ....          --......----
                                           ....          |..........|
                                           .....         --.....|...|
                                           ......         --..-------
                                          ......0          |..|
                                         -------.          ----
                                                --
GdeVolpiano the Field Worker  St:14 Dx:9 Co:15 In:14 Wi:13 Ch:10  Lawful
Dlvl:3  $:620 HP:0(28) Pw:11(11) AC:8  Xp:3 T:1081 

Latest messages:
 You feel slightly confused.
 Where do you want to travel to?
 (For instructions type a '?')
 You can't seem to think straight.
 Where do you want to travel to?
 (For instructions type a '?')
 You feel incredibly sick.
 You feel a bit steadier now.
 Where do you want to travel to?
 (For instructions type a '?')
 You are about to vomit.
 You feel less confused now.
 What do you want to eat? [dy or ?*]
 This lembas wafer is delicious!
 You stop eating the lembas wafer.
 You vomit!
 You can move again.
 The gnome shoots 2 crossbow bolts!
 You are almost hit by the 1st crossbow bolt.
 You are hit by the 2nd crossbow bolt.
 The gnome swings his crossbow.
 The gnome hits!
 You miss the gnome.
 Indy bites the gnome.
 The gnome swings his crossbow at Indy.
 The gnome misses Indy.
 Indy bites the gnome.
 The gnome is killed!
 You hit the kobold lady.
 The kobold lady hits!
 You kill the kobold lady!
 The gnome lord picks up 3 darts.
 You hit the gnome lord.
 The gnome lord hits!
 You hit the gnome lord.
 Indy misses the gnome lord.
 The gnome lord hits!
 You hit the gnome lord.
 Indy misses the gnome lord.
 You hit the gnome lord!
 Indy bites the gnome lord.
 The gnome lord misses Indy.
 The gnome lord hits!
 Indy bites the gnome lord.
 The gnome lord is killed!
 The gnome lord picks up a rock.
 You hit the gnome lord!
 The gnome lord hits!
 You die...
 Do you want your possessions identified? [ynq] (y)

Inventory:
 Coins    ('$')
  $ - 620 gold pieces
 Weapons  (')')
  a - a +2 bullwhip (alternate weapon; not wielded)
 Armor    ('[')
  c - an uncursed +0 fedora (being worn)
  x - an uncursed +0 pair of kicking boots (being worn)
  D - an uncursed +0 dwarvish cloak (being worn)
  b - an uncursed +0 leather jacket (being worn)
 Comestibles  ('%')
  d - 5 uncursed food rations
  y - an uncursed partly eaten lembas wafer
 Scrolls  ('?')
  z - a cursed scroll of charging
  l - an uncursed scroll of destroy armor
  p - 3 uncursed scrolls of identify
  q - an uncursed scroll of teleportation
 Potions  ('!')
  A - an uncursed potion of confusion
  r - an uncursed potion of fruit juice
  i - 3 uncursed potions of healing
  k - 2 uncursed potions of water
 Rings    ('=')
  j - an uncursed ring of regeneration
 Tools    ('(')
  h - an empty uncursed sack
  B - an uncursed blindfold
  e - a +0 pick-axe (weapon in right hand)
  f - a tinning kit (0:64)
 Gems/Stones  ('*')
  s - an uncursed jade stone
  m - an uncursed jet stone
  v - an uncursed worthless piece of blue glass
  g - an uncursed touchstone

GdeVolpiano the Archeologist's attributes:

Background:
 You were a Field Worker, a level 3 female human Archeologist.
 You were lawful, nominally on a mission for Quetzalcoatl
 who was opposed by Camaxtli (neutral) and Huhetotl (chaotic).
 You were right-handed.
 You were in the Gnomish Mines, on level 3.
 You entered the dungeon 1081 turns ago.
 There was a new moon in effect when your adventure ended.
 You had 66 experience points, 14 more were needed to attain level 4.

Basics:
 You had 0 out of 28 hit points.
 You had all 11 energy points (spell power).
 Your armor class was 8.
 Your wallet contained 620 zorkmids.
 Autopickup was on for '$?!/="+' plus thrown, with exceptions.

Final Characteristics:
 Your strength was 14 (limit:18/100).
 Your dexterity was 9 (limit:18).
 Your constitution was 15 (limit:18).
 Your intelligence was 14 (limit:18).
 Your wisdom was 13 (limit:18).
 Your charisma was 10 (limit:18).

Final Status:
 You weren't hungry.
 You were unencumbered.
 You were wielding a pick-axe.
 You had basic skill with pick-axe.

Final Attributes:
 You were devoutly aligned.
 Your items were somewhat protected from fire.
 Your items were somewhat protected from cold.
 You had automatic searching.
 You were warded.
 You were lucky.
 You are dead.

Miscellaneous:
 You didn't encounter any bones levels.
 Total elapsed playing time was 9 minutes and 42 seconds.

Major events:
 Turn
    1: GdeVolpiano the lawful female human Archeologist entered the dungeon
  837: entered the Gnomish Mines
  942: attained the rank of Field Worker (level 3)
 1081: killed by a gnome lord

You didn't know any spells.

Skills:
 Fighting Skills
   bare handed combat [Unskilled]
   two weapon combat  [Unskilled]
   riding             [Unskilled]
 Weapon Skills
   dagger             [Unskilled]
   knife              [Unskilled]
   pick-axe           [Basic]
   short sword        [Unskilled]
   saber              [Unskilled]
   club               [Unskilled]
   quarterstaff       [Unskilled]
   sling              [Unskilled]
   dart               [Unskilled]
   boomerang          [Unskilled]
   whip               [Basic]
   unicorn horn       [Unskilled]
 Spellcasting Skills
   attack spells      [Unskilled]
   healing spells     [Unskilled]
   divination spells  [Unskilled]
   matter spells      [Unskilled]

Voluntary challenges:
 Character rerolling was not enabled.
 You were an atheist.
 You never genocided any monsters.
 You never polymorphed an object.
 You never changed form.
 You used no wishes.
Achievements:
 You entered a shop.
 You entered the Gnomish Mines.
 You attained the rank of Field Worker.

 The Dungeons of Doom: levels 1 to 3
    Level 1:
    Level 2:
       A general store.
       Stairs down to The Gnomish Mines.
    Level 3:
 The Gnomish Mines:
    Level 3: <- You were here.
       Final resting place for
          you, killed by a gnome lord.


Vanquished creatures:
  a shrieker
  a gnome leader
  a dwarf
  a kobold leader
  6 gnomes
  3 jackals
  2 foxes
  a kobold
  4 grid bugs
  a lichen
  4 kobold zombies
  3 newts
28 creatures vanquished.

No species were genocided or became extinct.

Game over:
                       ----------
                      /          \
                     /    REST    \
                    /      IN      \
                   /     PEACE      \
                  /                  \
                  |   GdeVolpiano    |
                  |      620 Au      |
                  |   killed by a    |
                  |    gnome lord    |
                  |                  |
                  |                  |
                  |       2026       |
                 *|     *  *  *      | *
        _________)/\\_//(\/(/\)/\//\/|_)_______

Goodbye GdeVolpiano the Archeologist...

You died in The Gnomish Mines on dungeon level 3 with 922 points,
and 620 pieces of gold, after 1081 moves.
You were level 3 with a maximum of 28 hit points when you died.

